General information
- name: BNet
- type: Ladder team game (AT/RT)
- host: Battle.net
- saver: jackofchernobyl
map: FullScaleAssault
- players: 8
- length: 31:15
- speed: Fast
- version: 1.26 W3XP
- replay type: Public
» download(182 KB)
Players
team 1 (loser)
muffin55 (
green | 39 APM | 1190 actions | 30:19)
8 Archmage
1 Summon Water Elemental
3 Blizzard
3 Brilliance Aura
1 Mass Teleport
» actions
| Assign group hotkey | 7 | |
| Basic commands | 9 | |
| Build / train | 89 | |
| Enter build submenu | 31 | |
| Enter hero's abilities submenu | 8 | |
| Give item / drop item | 1 | |
| Right click | 270 | |
| Select / deselect | 481 | |
| Select group hotkey | 183 | |
| Use ability | 108 | |
1190 total
» units
| Peasant | 12 | |
| Footman | 8 | |
| Gryphon Rider | 9 | |
| Dragonhawk Rider | 18 | |
47 total
» upgrades
| Swords | 3 | |
| Masonry | 3 | |
| Defend | 1 | |
| Lumber Harvesting | 2 | |
| Storm Hammers | 1 | |
| Cloud | 1 | |
| Armor | 3 | |
| Animal War Training | 1 | |
15 total
» buildings
| Altar of Kings | 1 | |
| Farm | 11 | |
| Barracks | 1 | |
| Lumber Mill | 1 | |
| Arcane Vault | 1 | |
| Blacksmith | 1 | |
| Scout Tower | 10 | |
| Arcane Tower | 1 | |
| Guard Tower | 8 | |
| Keep | 1 | |
| Town Hall | 1 | |
| Gryphon Aviary | 2 | |
| Castle | 1 | |
40 total
» build order
00:08 Altar of Kings
00:11 Farm
00:52 Barracks
01:16 Farm
01:23 Lumber Mill
01:56 Arcane Vault
02:09 Blacksmith
02:31 Farm
03:09 Scout Tower
03:16 Farm
03:37 Scout Tower
03:50 Arcane Tower
04:08 Guard Tower
05:07 Keep
06:17 Farm
06:57 Farm
07:21 Town Hall
08:15 Gryphon Aviary
09:31 Castle
09:40 Farm
10:30 Gryphon Aviary
13:50 Scout Tower
15:01 Guard Tower
16:45 Farm
17:36 Farm
18:19 Scout Tower
18:26 Farm
18:49 Guard Tower
18:53 Scout Tower
19:32 Farm
19:33 Guard Tower
19:35 Scout Tower
20:21 Guard Tower
20:24 Scout Tower
20:28 Scout Tower
20:55 Guard Tower
20:59 Scout Tower
22:00 Scout Tower
22:01 Guard Tower
22:34 Guard Tower
» items
| Scroll of Regeneration | 5 | |
| Scroll of Healing | 1 | |
| Circlet of Nobility | 1 | |
7 total
Brasuca (
purple | 25 APM | 753 actions | 30:00)
5 Demon Hunter
3 Immolation
1 Evasion
1 Mana Burn
5 Priestess of the Moon
3 Searing Arrows
2 Trueshot Aura
» actions
| Build / train | 93 | |
| Enter build submenu | 24 | |
| Enter hero's abilities submenu | 11 | |
| Give item / drop item | 1 | |
| Right click | 205 | |
| Select / deselect | 358 | |
| Use ability | 61 | |
753 total
» units
| Wisp | 24 | |
| Hippogryph | 31 | |
| Chimaera | 15 | |
70 total
» upgrades
| Ultravision | 1 | |
| Corrosive Breath | 1 | |
| Nature's Blessing | 1 | |
| Backpack | 1 | |
4 total
» buildings
| Moon Well | 8 | |
| Altar of Elders | 1 | |
| Ancient of Wonders | 1 | |
| Tree of Ages | 1 | |
| Hunter's Hall | 1 | |
| Tree of Eternity | 1 | |
| Ancient of Wind | 2 | |
| Tree of Life | 1 | |
| Chimaera Roost | 2 | |
| Ancient Protector | 7 | |
25 total
» build order
00:08 Moon Well
00:12 Altar of Elders
01:06 Moon Well
01:40 Moon Well
02:14 Ancient of Wonders
02:59 Moon Well
03:11 Tree of Ages
03:39 Hunter's Hall
04:10 Moon Well
05:57 Moon Well
05:59 Tree of Eternity
06:11 Ancient of Wind
06:19 Ancient of Wind
06:56 Moon Well
08:52 Tree of Life
09:39 Chimaera Roost
09:45 Chimaera Roost
12:18 Moon Well
13:10 Ancient Protector
13:28 Ancient Protector
13:43 Ancient Protector
13:51 Ancient Protector
14:12 Ancient Protector
14:27 Ancient Protector
14:40 Ancient Protector
» items
| Moonstone | 2 | |
| Orb of Venom | 1 | |
| Scroll of Town Portal | 1 | |
| Potion of Lesser Invulnerability | 1 | |
5 total

»
doNt_bE_haTin (
yellow | 64 APM | 1948 actions | 30:24)
6 Mountain King
3 Storm Bolt
2 Bash
1 Thunder Clap
2 Paladin
1 Holy Light
1 Divine Shield
» actions
| Assign group hotkey | 27 | |
| Build / train | 90 | |
| Enter build submenu | 19 | |
| Enter hero's abilities submenu | 8 | |
| Give item / drop item | 2 | |
| Right click | 1393 | |
| Select / deselect | 261 | |
| Select group hotkey | 73 | |
| Use ability | 75 | |
1948 total
» units
| Peasant | 20 | |
| Footman | 3 | |
| Priest | 4 | |
| Gryphon Rider | 11 | |
| Knight | 3 | |
| Dragonhawk Rider | 2 | |
| Rifleman | 2 | |
| Hippogryph | 2 | |
47 total
» upgrades
| Swords | 3 | |
| Lumber Harvesting | 2 | |
| Storm Hammers | 1 | |
| Animal War Training | 1 | |
| Armor | 3 | |
| Magic Sentry | 1 | |
| Cloud | 1 | |
| Gunpowder | 1 | |
13 total
» buildings
| Altar of Kings | 1 | |
| Barracks | 1 | |
| Farm | 11 | |
| Lumber Mill | 2 | |
| Arcane Vault | 1 | |
| Keep | 1 | |
| Blacksmith | 1 | |
| Castle | 1 | |
| Gryphon Aviary | 3 | |
| Arcane Sanctum | 1 | |
| Town Hall | 1 | |
24 total
» build order
00:44 Altar of Kings
00:47 Barracks
00:56 Farm
01:12 Lumber Mill
01:45 Farm
02:03 Farm
02:41 Lumber Mill
02:51 Arcane Vault
03:37 Keep
04:06 Blacksmith
05:26 Farm
05:27 Farm
05:28 Farm
05:58 Castle
06:06 Gryphon Aviary
06:13 Arcane Sanctum
06:19 Gryphon Aviary
07:49 Gryphon Aviary
07:56 Town Hall
09:37 Farm
10:47 Farm
21:35 Farm
21:35 Farm
21:36 Farm
» items
| Scroll of Regeneration | 3 | |
| Lesser Clarity Potion | 4 | |
| Potion of Mana | 2 | |
| Orb of Fire | 2 | |
| Scroll of Town Portal | 3 | |
| Ivory Tower | 3 | |
| Scroll of Healing | 1 | |
18 total
revygcam (
teal | 49 APM | 1535 actions | 31:13)
7 Mountain King
2 Storm Bolt
1 Thunder Clap
3 Bash
1 Avatar
7 Paladin
2 Holy Light
2 Divine Shield
2 Devotion Aura
1 Resurrection
» actions
| Assign group hotkey | 22 | |
| Basic commands | 27 | |
| Build / train | 79 | |
| Enter build submenu | 27 | |
| Enter hero's abilities submenu | 15 | |
| Give item / drop item | 1 | |
| Remove unit from queue | 1 | |
| Right click | 555 | |
| Select / deselect | 230 | |
| Select group hotkey | 512 | |
| Use ability | 66 | |
1535 total
» units
| Peasant | 10 | |
| Footman | 3 | |
| Gryphon Rider | 28 | |
41 total
» upgrades
| Masonry | 1 | |
| Swords | 3 | |
| Armor | 3 | |
| Lumber Harvesting | 2 | |
| Storm Hammers | 1 | |
10 total
» buildings
| Altar of Kings | 1 | |
| Farm | 13 | |
| Barracks | 1 | |
| Lumber Mill | 1 | |
| Scout Tower | 4 | |
| Guard Tower | 4 | |
| Blacksmith | 1 | |
| Keep | 1 | |
| Castle | 1 | |
| Gryphon Aviary | 3 | |
| Town Hall | 1 | |
31 total
» build order
00:05 Altar of Kings
00:29 Farm
00:59 Barracks
01:16 Lumber Mill
01:23 Farm
01:49 Scout Tower
01:58 Scout Tower
02:31 Guard Tower
02:47 Blacksmith
02:55 Guard Tower
03:01 Farm
03:47 Keep
03:52 Farm
04:48 Farm
04:52 Scout Tower
05:26 Guard Tower
05:29 Scout Tower
06:06 Guard Tower
06:12 Farm
06:52 Castle
06:55 Gryphon Aviary
07:00 Gryphon Aviary
07:08 Farm
08:01 Farm
08:12 Farm
12:39 Farm
14:22 Farm
23:09 Farm
23:14 Farm
26:14 Town Hall
27:33 Gryphon Aviary
» items
| Boots of Speed | 1 | |
| Lesser Clarity Potion | 1 | |
| Orb of Fire | 3 | |
5 total
team 2 (winner)
jackofchernobyl (
pink | 83 APM | 2603 actions | 31:15)
9 Blademaster
3 Wind Walk
3 Critical Strike
1 Bladestorm
2 Mirror Image
» actions
| Assign group hotkey | 67 | |
| Basic commands | 19 | |
| Build / train | 142 | |
| Enter build submenu | 38 | |
| Enter hero's abilities submenu | 9 | |
| Give item / drop item | 5 | |
| Remove unit from queue | 1 | |
| Right click | 1032 | |
| Select / deselect | 500 | |
| Select group hotkey | 560 | |
| Use ability | 230 | |
2603 total
» units
| Peon | 26 | |
| Grunt | 9 | |
| Goblin Zeppelin | 1 | |
| Wind Rider | 9 | |
| Troll Batrider | 50 | |
| Blue Drake | 1 | |
| Blue Dragon Whelp | 1 | |
| Blue Dragon | 1 | |
98 total
» upgrades
| Armor | 3 | |
| Ranged Weapons | 3 | |
| Berserker Strength | 1 | |
| Pillage | 1 | |
| Troll Regeneration | 1 | |
| Envenomed Spears | 1 | |
| Liquid Fire | 1 | |
| Reinforced Defenses | 1 | |
| Spiked Barricades | 1 | |
| Backpack | 1 | |
14 total
» buildings
| Altar of Storms | 1 | |
| Orc Burrow | 7 | |
| Barracks | 2 | |
| Voodoo Lounge | 2 | |
| Great Hall | 2 | |
| Stronghold | 1 | |
| War Mill | 1 | |
| Watch Tower | 10 | |
| Beastiary | 4 | |
| Fortress | 1 | |
31 total
» build order
00:04 Altar of Storms
00:05 Orc Burrow
00:32 Barracks
00:36 Barracks
01:28 Orc Burrow
02:03 Voodoo Lounge
02:54 Orc Burrow
05:01 Great Hall
05:55 Stronghold
05:58 War Mill
06:21 Orc Burrow
07:23 Watch Tower
07:24 Watch Tower
08:16 Watch Tower
08:19 Watch Tower
08:28 Beastiary
08:30 Beastiary
09:52 Watch Tower
09:55 Great Hall
10:40 Fortress
12:31 Beastiary
12:36 Beastiary
12:40 Orc Burrow
13:45 Watch Tower
13:47 Watch Tower
14:53 Watch Tower
18:38 Orc Burrow
20:31 Orc Burrow
24:48 Voodoo Lounge
24:54 Watch Tower
26:18 Watch Tower
» items
| Healing Salve | 4 | |
| Lesser Clarity Potion | 3 | |
| Scroll of Town Portal | 2 | |
| Orb of Lightning | 1 | |
10 total

»
humdeznuts (
red | 30 APM | 944 actions | 31:13)
5 Crypt Lord
2 Carrion Beetles
1 Impale
2 Spiked Carapace
» actions
| Assign group hotkey | 12 | |
| Build / train | 155 | |
| Enter build submenu | 31 | |
| Enter hero's abilities submenu | 5 | |
| Remove unit from queue | 3 | |
| Right click | 221 | |
| Select / deselect | 317 | |
| Select group hotkey | 164 | |
| Use ability | 36 | |
944 total
» units
| Acolyte | 10 | |
| Ghoul | 11 | |
| Crypt Fiend | 54 | |
| Gargoyle | 45 | |
120 total
» upgrades
| Creature Attack | 2 | |
| Creature Carapace | 2 | |
| Web | 1 | |
5 total
» buildings
| Ziggurat | 16 | |
| Altar of Darkness | 1 | |
| Crypt | 3 | |
| Graveyard | 2 | |
| Tomb of Relics | 1 | |
| Spirit Tower | 8 | |
| Nerubian Tower | 2 | |
| Halls of the Dead | 3 | |
| Black Citadel | 3 | |
| Slaughterhouse | 1 | |
40 total
» build order
00:14 Ziggurat
00:20 Altar of Darkness
00:25 Crypt
01:03 Graveyard
01:09 Graveyard
01:20 Ziggurat
01:42 Crypt
02:22 Ziggurat
03:15 Tomb of Relics
05:58 Ziggurat
06:08 Ziggurat
09:20 Ziggurat
09:30 Ziggurat
09:42 Ziggurat
09:52 Ziggurat
10:04 Ziggurat
10:15 Spirit Tower
10:24 Spirit Tower
10:53 Spirit Tower
11:02 Spirit Tower
11:11 Spirit Tower
11:22 Ziggurat
11:35 Ziggurat
11:46 Ziggurat
11:58 Ziggurat
12:43 Spirit Tower
12:48 Nerubian Tower
12:59 Spirit Tower
13:09 Nerubian Tower
13:40 Spirit Tower
13:49 Halls of the Dead
13:49 Halls of the Dead
13:50 Halls of the Dead
15:27 Crypt
18:11 Black Citadel
18:11 Black Citadel
18:12 Black Citadel
18:47 Slaughterhouse
26:54 Ziggurat
26:56 Ziggurat
» items
| Scroll of Protection | 1 | |
| Potion of Lesser Invulnerability | 1 | |
2 total

»
skate18board (
orange | 20 APM | 640 actions | 31:13)
10 Death Knight
3 Death Coil
3 Death Pact
1 Animate Dead
3 Unholy Aura
4 Dreadlord
1 Carrion Swarm
2 Sleep
1 Vampiric Aura
» actions
| Build / train | 140 | |
| Enter build submenu | 24 | |
| Enter hero's abilities submenu | 14 | |
| Remove unit from queue | 6 | |
| Right click | 200 | |
| Select / deselect | 223 | |
| Use ability | 33 | |
640 total
» units
| Acolyte | 6 | |
| Ghoul | 3 | |
| Gargoyle | 88 | |
| Blue Dragon Whelp | 1 | |
| Blue Drake | 1 | |
| Blue Dragon | 1 | |
100 total
» upgrades
| Creature Attack | 2 | |
| Creature Carapace | 2 | |
4 total
» buildings
| Ziggurat | 14 | |
| Crypt | 3 | |
| Altar of Darkness | 1 | |
| Graveyard | 1 | |
| Halls of the Dead | 1 | |
| Spirit Tower | 13 | |
33 total
» build order
00:08 Ziggurat
00:11 Crypt
00:31 Ziggurat
01:21 Altar of Darkness
01:54 Ziggurat
02:27 Graveyard
02:48 Halls of the Dead
03:12 Crypt
03:16 Ziggurat
04:07 Ziggurat
11:30 Ziggurat
13:03 Ziggurat
13:57 Ziggurat
14:09 Ziggurat
16:38 Spirit Tower
16:39 Spirit Tower
16:40 Spirit Tower
16:42 Spirit Tower
16:45 Spirit Tower
16:47 Spirit Tower
16:53 Spirit Tower
18:28 Ziggurat
18:30 Ziggurat
18:34 Ziggurat
18:36 Ziggurat
18:39 Ziggurat
21:19 Spirit Tower
21:20 Spirit Tower
21:22 Spirit Tower
21:24 Spirit Tower
21:24 Spirit Tower
21:25 Spirit Tower
22:10 Crypt
yvonnie (
blue | 29 APM | 902 actions | 31:13)
10 Archmage
3 Summon Water Elemental
3 Brilliance Aura
1 Mass Teleport
3 Blizzard
6 Paladin
1 Divine Shield
2 Holy Light
2 Devotion Aura
1 Resurrection
» actions
| Basic commands | 13 | |
| Build / train | 128 | |
| Enter build submenu | 28 | |
| Enter hero's abilities submenu | 16 | |
| Give item / drop item | 4 | |
| Remove unit from queue | 3 | |
| Right click | 241 | |
| Select / deselect | 333 | |
| Use ability | 136 | |
902 total
» units
| Peasant | 10 | |
| Rifleman | 39 | |
| Goblin Shredder | 1 | |
| Priest | 14 | |
| Goblin Zeppelin | 2 | |
| Sorceress | 2 | |
| Siege Engine | 12 | |
| Blue Drake | 1 | |
| Blue Dragon Whelp | 1 | |
82 total
» upgrades
| Gunpowder | 3 | |
| Armor | 3 | |
| Masonry | 2 | |
| Priest Training | 2 | |
| Long Rifles | 1 | |
| Sorceress Training | 1 | |
| Plating | 3 | |
| Barrage | 1 | |
| Swords | 2 | |
18 total
» buildings
| Altar of Kings | 1 | |
| Farm | 13 | |
| Blacksmith | 1 | |
| Barracks | 1 | |
| Keep | 1 | |
| Scout Tower | 1 | |
| Arcane Tower | 1 | |
| Lumber Mill | 1 | |
| Arcane Sanctum | 1 | |
| Castle | 1 | |
| Town Hall | 3 | |
| Workshop | 1 | |
26 total
» build order
00:10 Altar of Kings
00:14 Farm
00:57 Blacksmith
01:17 Barracks
01:25 Farm
02:24 Farm
03:00 Keep
03:25 Scout Tower
03:57 Arcane Tower
04:31 Farm
05:30 Farm
05:52 Farm
05:59 Farm
06:29 Lumber Mill
07:33 Farm
07:47 Arcane Sanctum
08:18 Castle
10:52 Town Hall
13:40 Workshop
14:11 Farm
14:56 Farm
15:49 Farm
15:51 Farm
15:53 Farm
17:44 Town Hall
19:53 Town Hall
» items
| Scroll of Protection | 3 | |
| Scroll of Town Portal | 1 | |
4 total
Chat log
(05:04 / Allies) jackofchernobyl: stop autofollowing
(05:06 / Allies) jackofchernobyl: or I'll just leave
(05:21 / All) skate18board: like we need u
(05:32 / Allies) jackofchernobyl: you are 11-17 of course you do
(05:34 / Allies) jackofchernobyl: you are awful
(05:45 / Allies) skate18board: im not a nerd.. dont got time
(05:54 / Allies) jackofchernobyl: no time doesn't mean you're bad
(10:25 / Allies) jackofchernobyl: inc attack
(13:17 / Allies) yvonnie: level 7
(13:22 / All) yvonnie: level 7
(13:40 / Allies) skate18board: ?
(20:32 / All) doNt_bE_haTin: rookies
(20:46 / All) jackofchernobyl: 356-389 is nothing to brag about
(22:25 / Allies) yvonnie: red
(22:27 / Allies) jackofchernobyl: wtf you doing?
(22:29 / Allies) yvonnie: don't feel
(22:37 / Allies) jackofchernobyl: fiends half an hour into the game? wow
(23:15 / Allies) humdeznuts: look at all thier air i thought mass fiends would work my bad
(23:20 / Allies) jackofchernobyl: lol
(23:24 / Allies) jackofchernobyl: fiends are not aa, you needed gargs
(25:10 / Allies) jackofchernobyl: gj
(25:23 / All) yvonnie: level 10 hero
(25:26 / All) jackofchernobyl: "rookies"
(26:03 / Allies) skate18board: put an ass kcikin on them
(26:10 / Allies) jackofchernobyl: we need to counter
(26:23 / Allies) skate18board: point where
(26:32 / Allies) jackofchernobyl: expos imo
(27:24 / Allies) skate18board: ?
(27:54 / Allies) jackofchernobyl: they still got only air
(28:09 / Allies) jackofchernobyl: ready?
(28:48 / Allies) jackofchernobyl: gogogo
(29:28 / All) jackofchernobyl: rookies
(29:56 / All) jackofchernobyl: bai, rookies
(30:15 / All) jackofchernobyl: it's too bad you rookies lost :(
(31:02 / Allies) skate18board: nice plan
(31:06 / Allies) jackofchernobyl: yeah gj